 Dungeon Sprint DCSS version 0.21.1-1-g345015f (webtiles) character file.

440 Mercer the Archer (level 6, -7/61 HPs)
             Began as a Minotaur Hunter on Apr 29, 2018.
             Was an Initiate of Wu Jian.
             Mangled by a slime creature (19 damage)
             ... in the Dungeon (Sprint I: "Red Sonja").
             The game lasted 00:12:57 (683 turns).

Mercer the Archer (Minotaur Hunter)                  Turns: 683, Time: 00:12:58

Health: -7/61      AC:  3    Str: 17    XL:     6   Next: 70%
Magic:  5/5        EV: 13    Int:  8    God:    Wu Jian [......]
Gold:   174        SH:  0    Dex: 12    Spells: 5/5 levels left

rFire    . . .     SeeInvis .   h - +4 shortbow (velocity)
rCold    . . .     Gourm    .   (shield currently unavailable)
rNeg     . . .     Faith    .   c - +0 leather armour
rPois    .         Spirit   .   (helmet restricted)
rElec    .         Reflect  .   (no cloak)
rCorr    .         Harm     .   (no gloves)
MR       .....     NoTele   +   (no boots)
Stlth    +.........             (no amulet)
HPRegen  0.20/turn              (no ring)
MPRegen  0.09/turn              (no ring)

@: no status effects
A: retaliatory headbutt, horns 2
a: Renounce Religion


You were in the Dungeon.
You worshipped Wu Jian.
Wu Jian was noncommittal.
You were full.

You visited 1 branch You collected 306 gold pieces.
You spent 132 gold pieces at shops.

Inventory:

Hand Weapons
 a - a +1 shortbow
 b - a +0 short sword
 f - a +0 scythe
 h - a +4 shortbow of velocity (weapon)
 m - a +0 club
Missiles
 l - 5 arrows (quivered)
Armour
 c - a +0 leather armour (worn)
 g - a +0 robe
 n - a +2 ring mail of positive energy
Wands
 d - a wand of digging (9)
Potions
 e - a potion of curing
 i - 2 potions of magic


   Skills:
 + Level 7.9 Fighting
 + Level 4.0 Short Blades
 + Level 1.0 Polearms
 + Level 13.0 Bows
 + Level 3.7 Armour
 + Level 3.5 Dodging
 + Level 0.7 Stealth


You had 5 spell levels left.
You didn't know any spells.

Dungeon Overview and Level Annotations

Branches:
Dungeon (1/1)

Altars:
Cheibriados
Dithmenos
Elyvilon
Fedhas
Gozag
Hepliaklqana
Kikubaaqudgha
Makhleb
Nemelex Xobeh
Okawaru
Qazlal
Ru
Sif Muna
Trog
Uskayaw
Vehumet
Wu Jian
Xom
Yredelemnul
Zin
The Shining One
Jiyva
Lugonu

Shops:
D (


Innate Abilities, Weirdness & Mutations

You reflexively headbutt those who attack you in melee.
You have a pair of horns on your head.


Message History

The slime creature is heavily wounded.
The slime creature barely misses you.
Firing (i - inventory):
l - 8 arrows (quivered)
Press: ? - help, Shift-Dir - straight line, f/p - slime creature
Aim: a slime creature (heavily wounded)
You shoot an arrow. The arrow hits the slime creature!
The slime creature is severely wounded.
Firing (i - inventory):
l - 7 arrows (quivered)
Press: ? - help, Shift-Dir - straight line, f/p - slime creature
Aim: a slime creature (severely wounded)
You shoot an arrow. The arrow hits the slime creature!
The slime creature is severely wounded.
The slime creature closely misses you.
Firing (i - inventory):
l - 6 arrows (quivered)
Press: ? - help, Shift-Dir - straight line, f/p - slime creature
Aim: a slime creature (severely wounded)
You shoot an arrow. The arrow hits the slime creature!
The slime creature is almost dead.
The slime creature hits you!!
You die...

###################
#<.#..)..#..'..#__#
#..'..#..'..#..+.(+
#..#####'#####J#__#
#..####..#...#@####§§
#..#__####..##.#≈≈§§c
#..#_____##'#_.+§§§.§
#⌠⌠#_.∩...'..._#≈§§§c#
####_..__##_.#+##+####
#_____###+# #######


You could see a slime creature.

Vanquished Creatures
  Sigmund (D)
  A yak (D)
  An ogre (D)
  A jelly (D)
  Ijyb (D)
5 creatures vanquished.

Vanquished Creatures (others)
  A gargoyle (D)
1 creature vanquished.

Grand Total: 6 creatures vanquished

Notes
Turn   | Place    | Note
-------+----------+-------------------------------------------
     0 | D        | Mercer the Minotaur Hunter began the quest for the Orb.
     0 | D        | Reached XP level 1. HP: 18/18 MP: 0/0
     2 | D        | Noticed Ijyb
    22 | D        | Killed Ijyb
    22 | D        | Reached skill level 7 in Bows
    22 | D        | Reached skill level 1 in Armour
    22 | D        | Reached XP level 2. HP: 17/26 MP: 1/1
   124 | D        | Noticed an ogre
   141 | D        | Killed an ogre
   141 | D        | Reached skill level 9 in Bows
   141 | D        | Reached XP level 3. HP: 21/34 MP: 2/2
   141 | D        | Reached XP level 4. HP: 25/41 MP: 3/3
   184 | D        | Noticed Sigmund
   204 | D        | Killed Sigmund
   204 | D        | Reached skill level 11 in Bows
   204 | D        | Reached XP level 5. HP: 31/51 MP: 4/4
   204 | D        | Reached XP level 6. HP: 36/58 MP: 5/5
   232 | D        | Killed a gargoyle
   345 | D        | Found an ornate altar of the Wu Jian Council.
   345 | D        | Found a deep blue altar of Sif Muna.
   349 | D        | Reached skill level 12 in Bows
   350 | D        | Found a radiant altar of Vehumet.
   357 | D        | Became a worshipper of the Wu Jian Council
   383 | D        | Found Untyfoj's Antique Weapon Emporium.
   383 | D        | Found an ancient bone altar of Kikubaaqudgha.
   383 | D        | Found a hazy altar of Hepliaklqana.
   383 | D        | Found a stormy altar of Qazlal.
   383 | D        | Found a hide-covered altar of Uskayaw.
   383 | D        | Found a blossoming altar of Fedhas.
   383 | D        | Found a bloodstained altar of Trog.
   383 | D        | Found an iron altar of Okawaru.
   383 | D        | Found a basalt altar of Yredelemnul.
   383 | D        | Found a glowing golden altar of the Shining One.
   383 | D        | Found a snail-covered altar of Cheibriados.
   383 | D        | Found a sacrificial altar of Ru.
   383 | D        | Found a glowing silver altar of Zin.
   383 | D        | Found a shadowy altar of Dithmenos.
   383 | D        | Found a white marble altar of Elyvilon.
   383 | D        | Noticed a yak
   402 | D        | Killed a yak
   402 | D        | Reached skill level 1 in Polearms
   402 | D        | Reached skill level 13 in Bows
   624 | D        | Found an opulent altar of Gozag.
   625 | D        | Found a sparkling altar of Nemelex Xobeh.
   629 | D        | Bought a runed shortbow for 132 gold pieces
   656 | D        | Noticed a centaur warrior
   656 | D        | Noticed a centaur warrior
   664 | D        | Found a burning altar of Makhleb.
   664 | D        | Found a viscous altar of Jiyva.
   664 | D        | Found a shimmering altar of Xom.
   664 | D        | Found a corrupted altar of Lugonu.
   664 | D        | Noticed a slime creature
   683 | D        | Mangled by a slime creature

Skill      XL: |  1  2  3  4  5  6 |
---------------+-------------------+-----
Fighting       | 3 4 6 7 |  7.9
Bows           | 7 9 11 13 | 13.0
Armour         | 1 3 |  3.7
Dodging        | 3 |  3.5
Short Blades   | 2 4 |  4.0
Polearms       | 1 |  1.0
Stealth        | |  0.7

Action                   |  1- 3 |  4- 6 || total
-------------------------+-------+-------++-------
Melee: Short sword       |       |    13 ||    13
       Headbutt          |       |     7 ||     7
       Scythe            |       |     5 ||     5
 Fire: Shortbow          |    27 |    15 ||    42
  Use: Potion            |     1 |     2 ||     3
       Scroll            |     1 |     1 ||     2
  Eat: Ration            |       |     1 ||     1
Armor: Leather armour    |     4 |     1 ||     5
Dodge: Dodged            |    10 |    16 ||    26
